 Dungeon Crawl Stone Soup version 0.20-a0-870-g4070442 (webtiles) character file.

1099 4thArraOfDagon the Cleaver (level 8, -6/73 HPs)
             Began as a Naga Wanderer on Mar 13, 2017.
             Was an Initiate of Okawaru.
             Mangled by Prince Ribbit (15 damage)
             ... on level 6 of the Dungeon.
             The game lasted 00:07:46 (1415 turns).

4thArraOfDagon the Cleaver (Naga Wanderer)          Turns: 1415, Time: 00:07:47

Health: -6/73      AC: 11    Str: 16    XL:     8   Next: 32%
Magic:  8/8        EV: 12    Int: 11    God:    Okawaru [......]
Gold:   200        SH:  0    Dex: 18    Spells: 7/7 levels left

rFire    . . .     SeeInvis +   k - +1 halberd (venom)
rCold    . . .     Gourm    .   a - +2 scale mail
rNeg     . . .     Faith    +   (shield currently unavailable)
rPois    +         Spirit   .   (no helmet)
rElec    .         Reflect  .   h - +0 cloak
rCorr    .         Harm     .   n - +0 pair of gloves
MR       +....                  (no barding)
Stlth    ++........             j - amulet of faith
Regen    0.3/turn               (no ring)
MPRegen  0.2/turn               (no ring)

@: agile, very slightly contaminated, invisible, very slow
A: see invisible, deformed body, poison resistance, slowness 2, slow metabolism
1, spit poison 1, AC +2
a: Spit Poison, Renounce Religion


You were on level 6 of the Dungeon.
You worshipped Okawaru.
Okawaru was noncommittal.
You were not hungry.

You visited 1 branch of the dungeon, and saw 6 of its levels.

You collected 200 gold pieces.

Inventory:

Hand Weapons
 b - a +0 hand axe
 d - a +0 dagger
 k - a +1 halberd of venom (weapon)
Armour
 a - a +2 scale mail (worn)
 h - a +0 cloak (worn)
 n - a +0 pair of gloves (worn)
Jewellery
 j - an amulet of faith (around neck)
Scrolls
 l - 3 scrolls of remove curse {unknown}
 m - 2 scrolls of teleportation {unknown}
Potions
 e - a potion of brilliance {unknown}
 g - a potion of invisibility
 s - a potion of berserk rage
Comestibles
 c - a chunk of flesh
 f - 3 bread rations


   Skills:
 + Level 4.5 Fighting
 * Level 8.4 Axes
   Level 1.0 Bows
 + Level 4.2 Armour
 - Level 3.0 Stealth


You had 7 spell levels left.
You didn't know any spells.

Dungeon Overview and Level Annotations

Branches:
Dungeon (6/15)
 Temple: D:4-7

Altars:
Nemelex Xobeh
Okawaru

Annotations:
D:3 Terence
D:4 4thArraOfDagon's ghost, amateur DrWn
D:6 Prince Ribbit


Innate Abilities, Weirdness & Mutations

You cannot wear boots.
Your serpentine skin is tough. (AC +2)
You have supernaturally acute eyesight. (SInv)
Armour fits poorly on your strangely shaped body.
Your system is resistant to poisons. (rPois)
You cover ground very slowly.
You have a slow metabolism.
You can spit poison.


Message History

Unknown command.
Unknown command.
It was a potion of invisibility.
You fade into invisibility!
Prince Ribbit catches a centipede with his tongue.
Prince Ribbit hits you!
* * * LOW HITPOINT WARNING * * *
Prince Ribbit hits you.
* * * LOW HITPOINT WARNING * * *
You are very lightly contaminated with residual magic.
Unknown command.
Prince Ribbit closely misses you.
Some of the chunks of flesh in your inventory have rotted away.
Unknown command.
You have got your breath back.
You see here a helmet.
Unknown command.
It was a potion of magic.
Magic courses through your body. Prince Ribbit barely misses you.
Prince Ribbit hits you!
You die...

*,**,,,,,,,,.!...,,,#<#
*,**,****#.##.#.#***#.#
*,**,* #.##.#.# #.#
*,**,*####.#....## #.#####
*,*#,,......#..†.####...)..
*,*#.,**#.....†.........###
*,**..**##†...†<.####.#.#
*,**,..**#..[....## #.#.#
*,**,,#.*#@.......#*#.#.#
*,*#..##>#.F..........#.#
*,,[.......W......#####.#
*,*..#...........## #.#
*,,,*#$.####....##*****,**
**,,**#..* ##.#.#*,,,,,,,*
**,,**,#.,* #.#.#*,****,,**
*,,**,,#,,* *....,,,,,,,,,,
*,**∩,,+,,* *###*#>****,,**


You could see Prince Ribbit and a phantom (wandering).

Vanquished Creatures
  Pikel (D:6)
  A water moccasin (D:6)
  A sky beast (D:5)
  A centaur (D:6)
  2 ogres
  A scorpion (D:6)
  An orc priest (D:5)
  Jessica (D:3)
  A worker ant (D:5)
  A hound zombie (D:6)
  4 adders
  4 gnolls
  3 dart slugs (D:3)
  4 leopard geckos
  7 orcs
  2 ball pythons (D:3)
  2 bats (D:3)
  4 giant cockroaches
  2 hobgoblins (D:6)
  9 jackals
  4 quokkas (D:3)
  2 frilled lizards (D:2)
  6 goblins
  2 kobolds
  3 rats
69 creatures vanquished.

Vanquished Creatures (others)
  A slave (D:6)
  An ogre (D:6)
  An orc wizard (D:6)
  3 orcs (D:6)
  3 jackals (D:6)
  A quokka skeleton (D:6)
10 creatures vanquished.

Grand Total: 79 creatures vanquished

Notes
Turn   | Place    | Note
-------+----------+-------------------------------------------
     0 | D:1      | 4thArraOfDagon the Naga Wanderer began the quest for the Orb.
     0 | D:1      | 4thArraOfDagon set off with: a +2 scale mail, a +0 hand axe, a potion of lignification, a +0 dagger, a bread ration
     0 | D:1      | Reached XP level 1. HP: 15/15 MP: 1/1
    66 | D:2      | Reached XP level 2. HP: 18/24 MP: 2/2
   274 | D:3      | Reached skill level 1 in Fighting
   275 | D:3      | Reached XP level 3. HP: 31/31 MP: 3/3
   334 | D:3      | Noticed Jessica
   344 | D:3      | Killed Jessica
   344 | D:3      | Reached XP level 4. HP: 7/38 MP: 4/4
   458 | D:2      | Found a sparkling altar of Nemelex Xobeh.
   683 | D:4      | Noticed 4thArraOfDagon's ghost (amateur DrWn)
   819 | D:3      | Noticed Terence
   906 | D:5      | Entered Level 5 of the Dungeon
   913 | D:5      | Reached XP level 5. HP: 38/45 MP: 5/5
   939 | D:5      | Reached skill level 6 in Axes
   975 | D:5      | Noticed an ogre
   985 | D:5      | Killed an ogre
  1011 | D:5      | Reached XP level 6. HP: 53/54 MP: 6/6
  1126 | D:5      | Noticed a sky beast
  1140 | D:5      | Killed a sky beast
  1162 | D:6      | Noticed Pikel
  1162 | D:6      | Noticed a slave
  1162 | D:6      | Noticed a slave
  1162 | D:6      | Noticed a slave
  1162 | D:6      | Noticed a slave
  1194 | D:6      | Killed Pikel
  1194 | D:6      | Reached skill level 7 in Axes
  1194 | D:6      | Reached XP level 7. HP: 41/63 MP: 7/7
  1229 | D:6      | Reached skill level 8 in Axes
  1229 | D:6      | Reached XP level 8. HP: 20/72 MP: 8/8
  1263 | D:6      | Found an iron altar of Okawaru.
  1271 | D:6      | Became a worshipper of Warmaster Okawaru
  1408 | D:6      | Noticed Prince Ribbit
  1415 | D:6      | Mangled by Prince Ribbit

Vault maps used:
D:1:      mrwooster_arrival_statue, tso_altar
D:2:      nemelex_xobeh_ov_fountains_minmay, first_bread,
          wad_floor_pattern_untrapped
D:3:      uniq_jessica, uniq_terence
D:4:      minmay_temple_entry_from_below_a, minivault_23
D:5:      kennysheep_generic_room_9
D:6:      gup_ossuary_entry_pyramid, okawaru_altar_gauntlet_db, uniq_pikel,
          uniq_prince_ribbit1

Skill      XL: |  1  2  3  4  5  6  7 |
---------------+----------------------+-----
Armour         | 2 3 4 |  4.2
Fighting       | 1 2 3 4 |  4.5
Axes           | 6 7 8 |  8.4
Bows           | |  1.0
Stealth        | |  3.0

Action                   |  1- 3 |  4- 6 |  7- 9 || total
-------------------------+-------+-------+-------++-------
Melee: Hand axe          |    36 |   145 |    26 ||   207
       Halberd           |       |       |    27 ||    27
Throw: Throwing net      |       |     1 |       ||     1
 Abil: Spit Poison       |     9 |    16 |     7 ||    32
  Use: Potion            |       |     1 |     3 ||     4
       Scroll            |       |       |     4 ||     4
 Stab: Held in net/web   |       |     3 |       ||     3
       Distracted        |       |     1 |       ||     1
  Eat: Chunk             |       |     1 |       ||     1
       Bread ration      |       |       |     1 ||     1
Armor: Scale mail        |    19 |    66 |    45 ||   130
       Skin              |       |    41 |       ||    41
Dodge: Dodged            |    10 |    40 |    39 ||    89
